 Dungeon Crawl Stone Soup version 0.26-a0-651-gb41185065b (webtiles) character file.

Game seed: 2116224433330428552

(classic levelgen) 6 EnegeticOcto the Sneak (level 1, -3/20 HPs)
             Began as a Deep Dwarf Delver on Oct 23, 2020.
             Slain by a scorpion (5 damage)
             ... on level 5 of the Dungeon.
             The game lasted 00:00:40 (87 turns).

EnegeticOcto the Sneak (Deep Dwarf Delver)            Turns: 87, Time: 00:00:41

Health: -3/20      AC:  3    Str: 15    XL:     1   Next: 75%
Magic:  1/1        EV: 12    Int: 10    God:
Gold:   0          SH:  0    Dex: 14    Spells: 0/0 levels left

rFire    . . .     SeeInvis .   a - +0 hand axe
rCold    . . .     Faith    .   (no shield)
rNeg     . . .     Spirit   .   b - +0 leather armour
rPois    .         Reflect  .   (no helmet)
rElec    .         Harm     .   (no cloak)
rCorr    .         Rampage  .   (no gloves)
MR       .....                  (no boots)
Stlth    +++.......             (no amulet)
HPRegen  0.00/turn              (no ring)
MPRegen  0.07/turn              (no ring)

@: lethally poisoned (-3 -> -3), non-regenerating
A: damage resistance, heal wounds, sense surroundings 1, no regeneration
a: Heal Wounds


You were on level 5 of the Dungeon.
You visited 1 branch of the dungeon, and saw 2 of its levels.

Inventory:

Hand Weapons
 a - a +0 hand axe (weapon)
Armour
 b - a +0 leather armour (worn)
Wands
 g - a wand of digging (2) {@v3}
Scrolls
 c - a scroll of fog
 e - a scroll of fear
Potions
 f - a potion of haste {@q4}


   Skills:
 - Level 2.6 Fighting
 + Level 2.9 Axes
 - Level 2.1 Dodging
 - Level 6.0 Stealth


You couldn't memorise any spells.
You didn't know any spells.
Your spell library was empty.

Dungeon Overview and Level Annotations

Branches:
Dungeon (6/15)
 Temple: D:4-7

Altars:


Innate Abilities, Weirdness & Mutations

You are resistant to damage.
You can heal yourself by infusing magical energy.
You passively map a small area around you.
You do not regenerate.


Message History

The rock shatters into small pieces.
A giant cockroach comes into view.
The giant cockroach bites you but does no damage.
You hit the giant cockroach.
The giant cockroach is severely wounded.
The giant cockroach barely misses you.
You closely miss the giant cockroach.
The giant cockroach is severely wounded.
The giant cockroach bites you.
You hit the giant cockroach.
You kill the giant cockroach!
You see here a giant cockroach corpse.
An adder and a scorpion come into view.
Found a scroll labeled RUSHRO KONKOGEKH.
An iguana and a zombie come into view.
The giant cockroach zombie closely misses you.
Found a scroll labeled BIMAOGOIDD.
You hit the giant cockroach zombie.
The giant cockroach zombie is heavily damaged.
The giant cockroach zombie misses you.
You hit the giant cockroach zombie.
You destroy the giant cockroach zombie!
The iguana hisses angrily.
A scorpion comes into view.
An iguana comes into view.
The scorpion stings you! The iguana closely misses you.
A worker ant and a zombie come into view.
The iguana hisses angrily.
An adder comes into view.
An ufetubus and a skeleton come into view.
Found 12 gold pieces.
A howler monkey comes into view.
Found a scroll of magic mapping.
You hit the scorpion but do no damage. The scorpion closely misses you.
You hit the scorpion.
The scorpion is moderately wounded.
The scorpion barely misses you.
You hit the scorpion but do no damage.
The scorpion is moderately wounded.
The scorpion closely misses you. The scorpion stings you.
* * * LOW HITPOINT WARNING * * *
You are poisoned.
The scorpion poisons you!
You are too injured to fight recklessly!
You are too injured to fight recklessly!
You feel much better. The scorpion barely misses you.
You barely miss the scorpion.
The scorpion is moderately wounded.
The scorpion stings you!
You hit the scorpion but do no damage.
The scorpion is moderately wounded.
The scorpion stings you.
You hit the scorpion.
The scorpion is heavily wounded.
The scorpion stings you!
* * * LOW HITPOINT WARNING * * *
You are too injured to fight recklessly!
You feel much better. The scorpion stings you!
The howler monkey howls!
You hit the scorpion but do no damage.
The scorpion is heavily wounded.
You hit the howler monkey.
The howler monkey hits you but does no damage.
The scorpion closely misses you.
The howler monkey hits you but does no damage.
You closely miss the scorpion.
The scorpion is heavily wounded.
You hit the howler monkey. You hit the iguana but do no damage.
The scorpion stings you.
The howler monkey hoots and howls with incredible vigour!
The iguana barely misses you.
You hear an angry hiss.
You hear a shout! x2
You hit the scorpion but do no damage.
The scorpion is heavily wounded.
You closely miss the howler monkey. You hit the iguana but do no damage.
The scorpion misses you. The howler monkey misses you.
The iguana hisses menacingly.
The iguana bites you!
Ouch! That really hurt!
* * * LOW HITPOINT WARNING * * *
You are too injured to fight recklessly!
You are too injured to fight recklessly!
The howler monkey misses you. x2
You feel much better. The scorpion stings you!
You are more poisoned.
The scorpion poisons you! The iguana bites you. The howler monkey hits you.
You hit the scorpion but do no damage.
The scorpion is heavily wounded.
You barely miss the howler monkey. You hit the iguana but do no damage.
The scorpion stings you.
You are more poisoned.
The scorpion poisons you! The howler monkey hits you.
The scorpion barely misses you.
You feel sick. The iguana bites you.
You fail to use your ability.
You feel sick.
The howler monkey completely misses you.
The iguana closely misses you. The howler monkey hits you.
* * * LOW HITPOINT WARNING * * *
The scorpion stings you!
You die...

*..##..#....# *,***,*
**#.........# **,***,*
**###.#...#.# **,,,_*,**** ,*
##Z#..### *_,,,,*,,+,* ,* #l..##
**,,,_*,**,***** ,* #.###
########,***,*,,,,,,,
.#####.######......#,***,********
Z5$........5..#sh.##,,*,,*
.#####.######ZSl@..#*,,,** **
#S.,......l....#*,**
###*####.......#*_* ###...###***
#..?# #####


You could see a scorpion, a howler monkey, 2 iguanas, an adder, an ufetubus and
a centaur zombie.

Vanquished Creatures
  An adder zombie (D:5)
  A giant cockroach (D:5)
  A giant cockroach zombie (D:5)
3 creatures vanquished.

Notes
Turn   | Place    | Note
-------+----------+-------------------------------------------
     0 | D:5      | EnegeticOcto the Deep Dwarf Delver began the quest for the
                  | Orb.
     0 | D:5      | Reached XP level 1. HP: 20/20 MP: 1/1
    43 | D:5      | Noticed a scorpion
    45 | D:5      | Noticed an iguana
    53 | D:5      | Noticed a scorpion
    57 | D:5      | Noticed an iguana
    59 | D:5      | Noticed a worker ant
    67 | D:5      | Noticed a howler monkey
    82 | D:5      | HP: 1/20 [iguana (11)]
    87 | D:5      | Slain by a scorpion

Illustrated notes

Levels and vault maps discovered:
D:5:      layout_loops_ring, chequers_temple_overflow_minitemple,
          ebering_ghost_rock_garden, minmay_increasing_density
D:6:      layout_basic, uniq_pikel, uniq_menkaure

Action                   || total
-------------------------++-------
Melee: Hand axe          ||    26
 Abil: Heal Wounds       ||     3
Evoke: Wand              ||     1
  Use: Scroll            ||     1
Armor: Leather armour    ||     7
Dodge: Dodged            ||    26

Table legend: (Time is in decaauts)
 A = Elapsed time spent in this place.
 B = Non-inter-level travel time spent in this place.
 C = Inter-level travel time spent in this place.
 D = Time resting spent in this place.
 E = Time spent auto-exploring this place.
 F = Levels seen in this place.
 G = Mean time per level.
                   A        B        C        D        E       F      G
               +--------+--------+--------+--------+--------+-----+--------+
         Total |     92 |     92 |      0 |      0 |      0 |   2 |   46.0 |
       Dungeon |     92 |     92 |      0 |      0 |      0 |   2 |   46.0 |
               +--------+--------+--------+--------+--------+-----+--------+

Top non-repeatable levels by time:
     D:5: 90 daAuts
     D:6: 1 daAuts
